cohdb
Replays
Latest Replays
All Replays
Popular Replays
Top Player Replays
Match Explorer
How It Works
Community
CoH3 Stats
Reddit
Sign in to upload your games and track your stats! →
Sign in with Steam
Match 38655788
Unlisted
Match 38655788
Overview
Messages
Build Orders
End
250 Light Carrier
Panzergrenadier Squad
Panzergrenadier Squad
Construct Light Support Kompanie
Combat Half-tracks
2.5-tonne Medical Truck
Selects Armored Support Battlegroup
Selects Armored Support Battlegroup
Selects Veteran Gunners
Panzerjäger Mechanized Group
Fire Support Elements
Flakvierling Half-track
Selects Salvage Kits
Vehicle Survival Package
Veteran Squad Leaders
Advanced Field Repairs
Construct Panzerarmee Kommand
Tungsten Core Ammunition
Panzer III L Medium Tank
Selects Panzer Storm
Emergency Repair Kits
Rapid Advance
Panzer III L Medium Tank
Panzer III L Medium Tank
Panzer III L Medium Tank
神
jun001122
Kakamora
감귤
jacklean
『BlackBear』
实践
⚅ Knightz
0
0
Comments
sign in to comment!
No comments posted yet!